 Dungeon Crawl Stone Soup version 0.27.0-1-g7a089689b8 (webtiles) character file.

Game seed: 16698141082638592508

28 mimimomo the Ruffian (level 3, 31/31 HPs)
             Began as a Ghoul Monk on Aug 2, 2021.
             Was a Believer of Okawaru.
             Safely got out of the dungeon.
             The game lasted 00:01:39 (896 turns).

mimimomo the Ruffian (Ghoul Monk)                    Turns: 896, Time: 00:01:40

Health: 31/31      AC:  4    Str: 14    XL:     3   Next: 12%
Magic:  2/2        EV: 12    Int:  5    God:    Okawaru [**....]
Gold:   14         SH:  0    Dex: 12    Spells: 2/2 levels left

rFire    . . .     SeeInvis .     - Unarmed
rCold    + . .     Faith    .   (no shield)
rNeg     + + +     Spirit   .   a - +0 robe
rPois    ∞         Reflect  .   b - +2 hat
rElec    .         Harm     .   (no cloak)
rCorr    .         Rampage  .   (no gloves)
Will     .....                  (no boots)
Stlth    ++........             (no amulet)
HPRegen  0.10/turn              (no ring)
MPRegen  0.08/turn              (no ring)

@: no status effects
A: claws 1, cold resistance 1, negative energy resistance 3, inhibited
regeneration, torment resistance 2
a: Renounce Religion, Heroism


You escaped.
You worshipped Okawaru.
Okawaru was pleased with you.
You visited 1 branch of the dungeon, and saw 1 of its levels.

You collected 14 gold pieces.

Inventory:

Armour
 a - a +0 robe (worn)
 b - a +2 hat (worn)
 c - a +0 ring mail
Jewellery
 e - a ring of see invisible
Scrolls
 d - a scroll of fear {unknown}


   Skills:
 + Level 3.6 Fighting
 + Level 2.9 Dodging
 + Level 2.4 Stealth
 + Level 4.0 Unarmed Combat


You had 2 spell levels left.
You didn't know any spells.
Your spell library was empty.

Dungeon Overview and Level Annotations

Branches:
Dungeon (1/15)

Altars:
Okawaru


Innate Abilities, Weirdness & Mutations

You thrive by killing the living.
You are immune to poison.
You have sharp fingernails.
Your flesh is cold resistant. (rC+)
You are immune to negative energy. (rN+++)
You do not regenerate when monsters are visible.
You are immune to unholy pain and torment.


Message History

The ball python grabs you. The ball python constricts you.
You closely miss the ball python.
The ball python is moderately wounded.
The ball python closely misses you. The ball python constricts you.
You completely miss the ball python.
The ball python is moderately wounded.
The ball python bites you but does no damage.
The ball python constricts you.
You scratch the ball python.
You kill the ball python!
The bat barely misses you. The bat closely misses you.
You scratch the bat.
You kill the bat!
You feel better.
You see here a ball python corpse.
There is a faded altar of an unknown god here.
You cannot tell which god this altar belongs to.
Convert to them anyway?
Okay, then.
Unknown command.
Press < or > to pray at altars.
You cannot tell which god this altar belongs to.
Convert to them anyway?
Okawaru accepts your prayer! Okawaru welcomes you!
You can now gain great but temporary skills.
A frilled lizard comes into view.
Found a chain mail.
You see here a +0 chain mail.
The helpless frilled lizard fails to defend itself.
You scratch the frilled lizard.
You kill the frilled lizard!
Okawaru accepts your kill.
You see here a frilled lizard corpse.
e - a ring of see invisible
Found a morningstar.
Done exploring.
Done exploring.
There is a staircase leading out of the dungeon here.
There is a staircase leading out of the dungeon here.
Are you sure you want to leave the Dungeon?
This will make you lose the game!
You have escaped!

#....#......⌠.......⌠......#
#.
#....##...................##
#.
.....###).⌠...⌠...⌠...⌠..##
#.
#####÷###...............##
#. # ##.###.⌠....⌠....⌠.##
#. #..###...(..(....## #. #
##..# ##..⌠...⌠..## #. ##
##.#.# ##.......## #.
.###.##.# ##..@..## #.
#...###.#######.>.## ####.
##..# #.......###### ##.##.
#..# ######### #.# ##.....
##.# #.# ##.....# #.# #.#
##....... ###.# #.#
#........
....##############.#
#........
##>.##.............###
#.#......


There were no monsters in sight!

Vanquished Creatures
  3 ball pythons (D:1)
  2 endoplasms (D:1)
  2 goblins (D:1)
  A hobgoblin (D:1)
  5 jackals (D:1)
  A kobold (D:1)
  A quokka (D:1)
  3 bats (D:1)
  4 frilled lizards (D:1)
  3 rats (D:1)
25 creatures vanquished.

Notes
Turn   | Place    | Note
-------+----------+-------------------------------------------
     0 | D:1      | mimimomo the Ghoul Monk began the quest for the Orb.
     0 | D:1      | Reached XP level 1. HP: 19/19 MP: 0/0
   192 | D:1      | Reached XP level 2. HP: 26/26 MP: 1/1
   537 | D:1      | Reached XP level 3. HP: 31/31 MP: 2/2
   708 | D:1      | Found a faded altar of an unknown god.
   728 | D:1      | Reached skill level 4 in Unarmed Combat
   748 | D:1      | Became a worshipper of Warmaster Okawaru
   748 | D:1      | Reached * piety under Okawaru
   748 | D:1      | Reached ** piety under Okawaru
   896 | D:$      | Safely got out of the dungeon.

Illustrated notes

Levels and vault maps discovered:
D:1:      dpeg_arrival_lava_temple_mockup, layout_loops_ring,
          dreamdust_ecumenical_altar_statues, kennysheep_pointless_box

Skill      XL: |  1  2  3 |
---------------+----------+-----
Unarmed Combat | 4 |  4.0
Fighting       | |  3.6
Dodging        | |  2.9
Stealth        | |  2.4

Action                   || total
-------------------------++-------
Melee: Unarmed           ||    75
 Stab: Sleeping          ||     5
Armor: Robe              ||    17
Dodge: Dodged            ||    46
